 Dungeon Crawl Stone Soup version 0.23-b1-13-gf37ab262a9 (webtiles) character file.

Game seed: 15218510527249572260

2996 Esekla the Slicer (level 10, -5/77 HPs)
             Began as a Formicid Wanderer on Feb 3, 2019.
             Was an Elder of Okawaru.
             Slain by a white ugly thing (17 damage)
             ... on level 12 of the Dungeon.
             The game lasted 01:14:10 (5882 turns).

Esekla the Slicer (Formicid Wanderer)               Turns: 5882, Time: 01:14:11

Health: -5/77      AC: 11    Str: 24    XL:     10   Next: 9%
Magic:  0/10       EV: 11    Int: 13    God:    Okawaru [****..]
Gold:   170        SH:  4    Dex: 10    Spells: 8/9 levels left

rFire    . . .     SeeInvis +   g - +4 short sword
rCold    . . .     Gourm    .   F - +0 buckler
rNeg     . . .     Faith    .   m - +0 chain mail
rPois    +         Spirit   +   (helmet unavailable)
rElec    .         Reflect  .   s - scarf {Spirit}
rCorr    .         Harm     .   E - +0 pair of gloves
MR       +....                  (no boots)
Stlth    ..........             (no amulet)
HPRegen  0.22/turn              p - +2 ring of evasion
MPRegen  0.12/turn              t - ring of poison resistance

@: mighty
A: permanent stasis, dig shafts and tunnels, four strong arms, antennae 3
a: Dig, Shaft Self, Heroism, Renounce Religion


You were on level 12 of the Dungeon.
You worshipped Okawaru.
Okawaru was greatly pleased with you.
You were not hungry.

You visited 1 branch of the dungeon, and saw 13 of its levels.

You collected 184 gold pieces.
You spent 14 gold pieces at shops.

Inventory:

Hand Weapons
 a - a +2 spear
 b - a +1 dagger of holy wrath
 c - a +0 hand axe
 g - a +4 short sword (weapon)
 n - a +2 dagger of speed
 z - a +0 falchion
 D - a +4 scythe of flaming
 I - a +2 dagger of venom
 L - a +0 hand axe of flaming
Missiles
 k - 5 silver javelins (quivered)
 u - 14 sling bullets
 J - 3 steel tomahawks
Armour
 d - a +0 robe
 m - a +0 chain mail (worn)
 s - a scarf of spirit shield (worn)
 E - a +0 pair of gloves (worn)
 F - a +0 buckler (worn)
Jewellery
 p - a +2 ring of evasion (left hand)
 q - an uncursed ring of resist corrosion
 t - a ring of poison resistance (right hand)
Wands
 x - a wand of iceblast (5)
 C - a wand of disintegration (12)
 K - a wand of flame (23)
Scrolls
 e - 2 scrolls of noise
 h - 2 scrolls of enchant weapon
 j - a scroll of fog
 l - a scroll of fear {unknown}
 r - 2 scrolls of remove curse {unknown}
 y - a scroll of magic mapping {unknown}
 A - a scroll of teleportation {unknown}
 G - a scroll of enchant armour {unknown}
 H - a scroll of amnesia {unknown}
Potions
 i - 8 potions of curing
 o - a potion of cancellation {unknown}
 v - a potion of mutation
 w - a potion of might
 B - a potion of flight {unknown}
Comestibles
 f - 3 rations


   Skills:
 + Level 6.5 Fighting
 * Level 10.0 Short Blades
 + Level 1.5 Polearms
 - Level 1.0 Throwing
 + Level 5.4 Armour
 + Level 2.2 Dodging
 - Level 2.4 Stealth
 + Level 4.0 Shields
 - Level 2.0 Summonings
   Level 1.3 Poison Magic
 + Level 0.4 Invocations


You had 8 spell levels left.
You knew the following spells:

 Your Spells              Type           Power        Failure   Level  Hunger
a - Summon Small Mammal   Summ           #...         65%         1    ##.....

Your spell library contained the following spells:

 Spells                   Type           Power        Failure   Level  Hunger
 Confusing Touch          Hex            #.....       90%         1    ##.....
 Call Canine Familiar     Summ           #.......     95%         3    ####...
 Passwall                 Tmut/Erth      #.......     97%         2    ###....
 Sticks to Snakes         Tmut           #.......     97%         2    ###....
 Confuse                  Hex            #.......     99%         3    ####...
 Gell's Gravitas          Tloc           #.........   99%         3    ####...
 Petrify                  Tmut/Erth      #.......     100%        4    #####..
 Metabolic Englaciation   Hex/Ice        #.........   100%        5    ######.
 Yara's Violent Unravell  Hex/Tmut       #.........   100%        5    ######.


Dungeon Overview and Level Annotations

Branches:
Dungeon (14/15)            Temple (0/1) D:5
   Lair: D:8-11         Orc: D:9-12      Vaults: D:13-14

Altars:
Okawaru
Ru
The Shining One

Shops:
D:4 !


Innate Abilities, Weirdness & Mutations

You cannot be hasted, slowed, berserked, paralysed or teleported.
You can dig through walls and to a lower floor.
Your four strong arms can wield two-handed weapons with a shield.
You have a pair of large antennae on your head. (SInv)


Message History

Throwing (i - inventory. (/) - cycle)
k - 6 silver javelins (quivered)
Press: ? - help, Shift-Dir - straight line, f/p - white ugly thing
Aim: a white ugly thing (moderately wounded, chaotic)
You throw a silver javelin.
The silver javelin closely misses the white ugly thing.
The white ugly thing stings you! The white ugly thing freezes you!!
* * * LOW HITPOINT WARNING * * *
You feel better. The white ugly thing stings you.
* * * LOW HITPOINT WARNING * * *
The white ugly thing freezes you!
* * * LOW HITPOINT WARNING * * *
You feel better.
You block the white ugly thing's attack.
Okay, then.
Okay, then.
Are you sure you want to shaft yourself?
You feel somewhat more hungry. The white ugly thing stings you.
* * * LOW HITPOINT WARNING * * *
The white ugly thing freezes you!!
You die...

##########
#........#
#........#
#........# #
#........#
....######........#
..(.(..†u@....)>..#
###..##########'###
# #.# #.# #.# #.#
#.# #.# #.#


You could see a white ugly thing.

Vanquished Creatures
  Grinder (D:4)
  A shadow (D:11)
  Sigmund (D:4)
  A wyvern (D:5)
  Eustachio (D:5)
  4 yaks (D:12)
  A hungry ghost (D:12)
  A water moccasin (D:6)
  2 sky beasts
  An ice beast (D:12)
  An ogre (D:6)
  2 centaurs (D:5)
  A bullfrog (D:6)
  A crimson imp (D:7)
  2 hounds (D:4)
  A bullfrog skeleton (D:4)
  8 orc wizards
  An orc priest (D:5)
  2 iguanas
  Ijyb (D:5)
  7 worker ants
  3 gnolls (D:4)
  12 adders
  An ooze (D:1)
  A worm (D:4)
  3 dart slugs
  4 leopard geckos
  23 orcs
  5 ball pythons
  9 bats
  5 giant cockroaches
  5 goblins
  3 hobgoblins (D:3)
  A quokka (D:5)
  9 frilled lizards
  14 kobolds
  A leopard gecko zombie (D:5)
  9 rats
149 creatures vanquished.

Vanquished Creatures (others)
  3 orcs
3 creatures vanquished.

Grand Total: 152 creatures vanquished

Notes
Turn   | Place    | Note
-------+----------+-------------------------------------------
     0 | D:1      | Esekla the Formicid Wanderer began the quest for the Orb.
     0 | D:1      | Esekla set off with the following items: a +2 spear, a +0
                  | robe, a +0 dagger, a ration; and the following spell
                  | memorised: Summon Small Mammal; and the following spells
                  | available to memorise: Call Canine Familiar, Passwall,
                  | Sticks to Snakes
     0 | D:1      | Reached XP level 1. HP: 18/18 MP: 1/1
   213 | D:1      | Reached XP level 2. HP: 24/25 MP: 2/2
   455 | D:1      | Reached XP level 3. HP: 31/31 MP: 3/3
  1097 | D:2      | Reached skill level 1 in Short Blades
  1097 | D:2      | Reached XP level 4. HP: 28/38 MP: 4/4
  1510 | D:2      | Reached skill level 5 in Fighting
  1622 | D:3      | Reached XP level 5. HP: 44/44 MP: 5/5
  1650 | D:3      | Reached skill level 2 in Short Blades
  1656 | D:3      | Reached skill level 1 in Dodging
  1772 | D:3      | Found an iron altar of Okawaru.
  1789 | D:3      | Became a worshipper of Warmaster Okawaru
  1889 | D:3      | Found a faded altar of an unknown god.
  2228 | D:4      | Reached skill level 3 in Short Blades
  2228 | D:4      | Reached XP level 6. HP: 43/51 MP: 6/6
  2279 | D:4      | HP: 2/51 [iguana (11)]
  2282 | D:4      | You fall through a shaft!
  2282 | D:5      | Entered Level 5 of the Dungeon
  2578 | D:5      | Reached skill level 4 in Short Blades
  2578 | D:5      | Reached skill level 1 in Armour
  2652 | D:5      | Noticed Eustachio
  2671 | D:4      | Found Ytydan's Distillery.
  2675 | D:4      | Bought a potion of degeneration for 14 gold pieces
  2714 | D:4      | Reached XP level 7. HP: 56/56 MP: 7/7
  2761 | D:4      | Noticed Grinder
  2802 | D:4      | Killed Grinder
  2802 | D:4      | Reached * piety under Okawaru
  2802 | D:4      | Reached skill level 5 in Short Blades
  3299 | D:4      | Found a glowing golden altar of the Shining One.
  3438 | D:4      | Reached skill level 6 in Short Blades
  3438 | D:4      | Reached XP level 8. HP: 63/63 MP: 8/8
  3541 | D:4      | Found a sacrificial altar of Ru.
  3541 | D:4      | Noticed Sigmund
  3551 | D:4      | You fall through a shaft for 3 floors!
  3746 | D:5      | Noticed Ijyb
  3774 | D:5      | Killed Ijyb
  4188 | D:4      | Reached skill level 7 in Short Blades
  4388 | D:4      | You fall through a shaft!
  4457 | D:5      | Noticed a wyvern
  4464 | D:5      | Killed a wyvern
  4507 | D:5      | Reached ** piety under Okawaru
  4507 | D:5      | Reached skill level 1 in Shields
  4604 | D:5      | Found a staircase to the Ecumenical Temple.
  4770 | D:5      | Killed Eustachio
  4770 | D:5      | Reached XP level 9. HP: 64/69 MP: 9/9
  4842 | D:4      | Killed Sigmund
  4842 | D:4      | Reached skill level 8 in Short Blades
  5355 | D:6      | Reached skill level 9 in Short Blades
  5367 | D:6      | You fall through a shaft for 3 floors!
  5466 | D:9      | Noticed a two-headed ogre
  5504 | D:9      | You fall through a shaft for 2 floors!
  5741 | D:11     | Reached *** piety under Okawaru
  5755 | D:11     | Noticed a troll
  5772 | D:10     | Entered Level 10 of the Dungeon
  5788 | D:10     | You fall through a shaft for 3 floors!
  5788 | D:13     | Noticed a swamp dragon
  5794 | D:14     | Noticed a skeletal warrior
  5813 | D:13     | Identified the cursed +0 rapier of Wusaergh {venom, +Inv}
  5855 | D:12     | Reached skill level 5 in Armour
  5867 | D:12     | Reached XP level 10. HP: 37/77 MP: 7/10
  5873 | D:12     | Reached **** piety under Okawaru
  5873 | D:12     | Reached skill level 10 in Short Blades
  5875 | D:12     | Noticed a white ugly thing
  5882 | D:12     | Slain by a white ugly thing

Skill      XL: |  1  2  3  4  5  6  7  8  9 10 |
---------------+-------------------------------+-----
Fighting       | 4 5 6 |  6.5
Short Blades   | 1 3 4 6 7 9 10 | 10.0
Dodging        | 1 2 |  2.2
Armour         | 1 2 3 5 |  5.4
Shields        | 1 4 |  4.0
Polearms       | |  1.5
Throwing       | |  1.0
Stealth        | |  2.4
Summonings     | |  2.0
Poison Magic   | |  1.3
Invocations    | |  0.4

Action                   |  1- 3 |  4- 6 |  7- 9 | 10-12 || total
-------------------------+-------+-------+-------+-------++-------
Melee: Spear             |    53 |    15 |       |       ||    68
       Dagger            |     4 |       |    84 |     3 ||    91
       Short sword       |    46 |   155 |   334 |     2 ||   537
Throw: Javelin           |       |       |     2 |     3 ||     5
       Tomahawk          |       |       |     4 |       ||     4
Invok: Heroism           |       |       |     3 |       ||     3
 Abil: Shaft Self        |       |     1 |     5 |     1 ||     7
  Use: Scroll            |       |     2 |     4 |       ||     6
       Potion            |       |       |     2 |     2 ||     4
 Stab: Sleeping          |     2 |       |       |       ||     2
  Eat: Ration            |     1 |     1 |     5 |       ||     7
Armor: Robe              |    20 |     7 |       |       ||    27
       Chain mail        |       |    66 |   132 |     2 ||   200
       Skin              |       |       |    10 |       ||    10
Dodge: Dodged            |    52 |    50 |   171 |       ||   273
Block: Buckler           |       |       |    36 |     1 ||    37
